 Dungeon Crawl Stone Soup version 0.30-a0-757-ga6a79fd877 (webtiles) character file.

Game seed: 13565631675053553532

97 theblackgale the Firebug (level 4, -5/30 HPs)
             Began as a Demonspawn Fire Elementalist on Feb 9, 2023.
             Was a Believer of Sif Muna.
             Slain by a gnoll
             ... wielding a +0 flail
              (11 damage)
             ... on level 4 of the Dungeon.
             The game lasted 00:16:21 (3030 turns).

theblackgale the Firebug (DsFE)                     Turns: 3030, Time: 00:16:21

Health: -5/30      AC:  2    Str:  9    XL:     4   Next: 42%
Magic:  1/8        EV: 14    Int: 18    God:    Sif Muna [**....]
Gold:   117        SH:  0    Dex: 13    Spells: 7/8 levels left

rFire   . . .      SeeInvis .    (no weapon)
rCold   . . .      Faith    .    (no shield)
rNeg    . . .      Spirit   .    a - +0 robe
rPois   .          Reflect  .    (no helmet)
rElec   .          Harm     .    (no cloak)
rCorr   .          Rampage  .    (no gloves)
Will    .....                    (no boots)
Stlth   ++                       (no amulet)
HPRegen 0.25/turn                (no ring)
MPRegen 0.11/turn                (no ring)

@: no status effects
A: repulsion field 1, powered by pain 1, weakness stinger 1
a: Renounce Religion, Channel Magic


You were on level 4 of the Dungeon.
You worshipped Sif Muna.
Sif Muna was pleased with you.
You visited 1 branch of the dungeon, and saw 4 of its levels.

You collected 117 gold pieces.

Inventory:

Armour
 a - a +0 robe (worn)
Scrolls
 c - a scroll of enchant weapon {unknown}
 d - 2 scrolls of teleportation
 e - a scroll of immolation
Potions
 b - a potion of magic
 f - a potion of ambrosia


   Skills:
 + Level 0.3 Fighting
 + Level 2.0 Dodging
 + Level 2.2 Stealth
 + Level 2.7 Spellcasting
 + Level 2.4 Conjurations
 + Level 3.3 Fire Magic


You had 7 spell levels left.
You knew the following spells:

 Your Spells              Type           Power      Damage    Failure   Level
a - Foxfire               Conj/Fire      48%        2x1d6     5%          1

Your spell library contained the following spells:

 Spells                   Type           Power      Damage    Failure   Level
 Scorch                   Fire           28%        2d6       6%          2
 Inner Flame              Hex/Fire       8%         N/A       26%         3
 Hailstorm                Conj/Ice       6%         3d4       30%         3
 Kindle Blastsparks       Fire/Tloc/Air  12%        2d11      32%         3
 Call Canine Familiar     Summ           2%         N/A       45%         3
 Frozen Ramparts          Ice            4%         1d1       45%         3
 Portal Projectile        Hex/Tloc       4%         N/A       45%         3
 Flame Wave               Conj/Fire      12%        2d6       45%         4
 Leda's Liquefaction      Hex/Erth       1%         N/A       86%         4
 Borgnjor's Vile Clutch   Necr/Erth      1%         N/A       99%         5


Dungeon Overview and Level Annotations

Branches:
Dungeon (4/15)
 Temple: D:4-7

Altars:
Sif Muna


Innate Abilities, Weirdness & Mutations

You are surrounded by a mild repulsion field. (EV +2)
You sometimes gain a little power by taking damage.
You have a small tail.


Message History

The gnoll closely misses you. The gnoll hits you but does no damage.
You conjure some foxfire!
The gnoll misses you.
The gnoll hits you from afar with a +0 spear.
Your foxfire dissipates!
The gnoll attacks as you move away! The gnoll hits you with a +0 whip.
* * * LOW HITPOINT WARNING * * *
The foxfire hits the gnoll.
You kill the gnoll!
Sif Muna accepts your kill.
The foxfire hits the gnoll.
The gnoll is severely wounded.
Found a stone staircase leading down.
A wight comes into view. It is wielding a +0 long sword.
You are too injured to fight recklessly!
Casting: Foxfire (safe; 5% risk of failure)
Confirm with . or Enter, or press ? or * to list all spells.
You conjure some foxfire!
The foxfire hits the wight but does no damage.
The gnoll hits you with a +0 whip.
* * * LOW HITPOINT WARNING * * *
You hit the gnoll but do no damage.
The gnoll is severely wounded.
The foxfire hits the gnoll.
The gnoll is almost dead.
Casting: Foxfire (safe; 5% risk of failure)
Confirm with . or Enter, or press ? or * to list all spells.
There is not enough space to conjure foxfire!
You hit the gnoll but do no damage.
The gnoll is almost dead.
The wight closely misses you. The gnoll hits you with a +0 whip.
* * * LOW HITPOINT WARNING * * *
The gnoll completely misses you.
You hit the gnoll. You tail-slap the gnoll.
You kill the gnoll!
Sif Muna accepts your kill. The wight closely misses you. The gnoll misses you.
Your Stealth skill increases to level 2!
You closely miss the wight. The wight barely misses you.
The gnoll hits you with a +0 flail!
You die...

#### ... >.. ...
..### #.# ... ...
#z# #.# ## #@##
#.# #..
#Kg#####.######...
##.....K.)...$....
#######.######...
...## #.# ... #...
#.# ... #...#.#
... #...#.# ...
#.....## ...


You could see a wight, a gnoll and a kobold.

Vanquished Creatures
  2 gnolls (D:4)
  3 adders
  A worm (D:2)
  2 orcs (D:3)
  4 bats
  3 endoplasms
  2 giant cockroaches
  5 goblins
  4 hobgoblins
  4 jackals (D:2)
  6 kobolds
  A quokka (D:1)
  3 ball pythons
  2 frilled lizards
  4 rats
46 creatures vanquished.

Vanquished Creatures (others)
  153 foxfires
153 creatures vanquished.

Grand Total: 199 creatures vanquished

Notes
Turn   | Place    | Note
-------+----------+-------------------------------------------
     0 | D:1      | theblackgale the Demonspawn Fire Elementalist began the
                  | quest for the Orb.
     0 | D:1      | Reached XP level 1. HP: 13/13 MP: 3/3
   276 | D:1      | Found a faded altar of an unknown god.
   285 | D:1      | Prayed at the altar of an unknown god.
   285 | D:1      | Became a worshipper of Sif Muna the Loreminder
   285 | D:1      | Reached * piety under Sif Muna
   351 | D:1      | Reached skill level 3 in Fire Magic
   501 | D:1      | Gained mutation: You sometimes gain a little power by
                  | taking damage. [demonic ancestry]
   501 | D:1      | Reached XP level 2. HP: 19/19 MP: 1/5
  1409 | D:2      | Got the Teachings on Arctic Nightshade
  1447 | D:2      | Gained mutation: You have a small tail. [demonic ancestry]
  1447 | D:2      | Reached XP level 3. HP: 24/24 MP: 0/6
  1767 | D:2      | HP: 1/24 [jackal (2)]
  2265 | D:3      | Reached ** piety under Sif Muna
  2728 | D:3      | Gained mutation: You are surrounded by a mild repulsion
                  | field. (EV +2) [demonic ancestry]
  2728 | D:3      | Reached XP level 4. HP: 24/30 MP: 1/7
  3030 | D:4      | Slain by a gnoll

Illustrated notes

Levels and vault maps discovered:
D:1:      elethiomel_arrival_infinity_welcomes_careful_drivers, layout_rooms,
          dreamdust_ecumenical_altar_angels_and_demons
D:2:      layout_loops_cross, serial_glass, glass_columns_a, glass_columns_a
D:3:      layout_basic, kennysheep_nondescript, chequers_serial_rivers_small_b
D:4:      layout_basic, minmay_temple_entry_statues

Skill      XL: |  1  2  3  4 |
---------------+-------------+-----
Fire Magic     | 3 |  3.3
Conjurations   | 2 |  2.4
Dodging        | 2 |  2.0
Stealth        | 2 |  2.2
Fighting       | |  0.3
Spellcasting   | |  2.7

Action                     |  1- 3 |  4- 6 || total
---------------------------+-------+-------++-------
  Melee: Unarmed           |    16 |     4 ||    20
         Tailslap          |     1 |     1 ||     2
   Cast: Foxfire           |    90 |    16 ||   106
    Use: Scroll            |     4 |       ||     4
         Potion            |     2 |       ||     2
 Armour: Robe              |     8 |     1 ||     9
  Dodge: Dodged            |    46 |    10 ||    56

Table legend: (Time is in decaauts)
 A = Elapsed time spent in this place.
 B = Non-inter-level travel time spent in this place.
 C = Inter-level travel time spent in this place.
 D = Time resting spent in this place.
 E = Time spent auto-exploring this place.
 F = Levels seen in this place.
 G = Mean time per level.
                   A        B        C        D        E       F      G
               +--------+--------+--------+--------+--------+-----+--------+
         Total |   3029 |   1541 |   1488 |   1226 |      0 |   4 |  757.2 |
       Dungeon |   3029 |   1541 |   1488 |   1226 |      0 |   4 |  757.2 |
               +--------+--------+--------+--------+--------+-----+--------+

Top non-repeatable levels by time:
     D:2: 1194 daAuts
     D:1: 1037 daAuts
     D:3: 738 daAuts
     D:4: 58 daAuts
